 Dungeon Crawl Stone Soup version 0.29-a0-1016-g236c7fd91e (webtiles) character file.

Game seed: 3447764946447325083

12 componib the Shooter (level 2, -1/25 HPs)
             Began as a Minotaur Hunter on Aug 9, 2022.
             Slain by Terence
             ... wielding a +0 hand axe
              (5 damage)
             ... on level 2 of the Dungeon.
             The game lasted 00:02:21 (119 turns).

componib the Shooter (Minotaur Hunter)               Turns: 119, Time: 00:02:22

Health: -1/25      AC:  8    Str: 15    XL:     2   Next: 20%
Magic:  1/1        EV:  6    Int:  6    God:
Gold:   0          SH:  0    Dex: 13    Spells: 1/1 levels left

rFire   . . .      SeeInvis .   a - +0 shortbow
rCold   . . .      Faith    .   (shield currently unavailable)
rNeg    . . .      Spirit   .   d - +0 chain mail
rPois   .          Reflect  .   (helmet restricted)
rElec   .          Harm     .   (no cloak)
rCorr   .          Rampage  .   (no gloves)
Will    .....                   (no boots)
Stlth   ..........              (no amulet)
HPRegen 0.08/turn               (no ring)
MPRegen 0.07/turn               (no ring)

@: no status effects
A: horns 2, retaliatory headbutt
a: no special abilities


You were on level 2 of the Dungeon.
You visited 1 branch of the dungeon, and saw 3 of its levels.

Inventory:

Hand Weapons
 a - a +0 shortbow (weapon)
Armour
 c - a +0 leather armour
 d - a +0 chain mail (worn)


   Skills:
 + Level 2.5 Fighting
 + Level 4.9 Ranged Weapons
 + Level 0.1 Armour
 + Level 2.2 Dodging
 + Level 0.7 Stealth


You had one spell level left.
You didn't know any spells.
Your spell library was empty.

Dungeon Overview and Level Annotations

Branches:
Dungeon (3/15)

Altars:
Ashenzari

Annotations:
D:2 Terence


Innate Abilities, Weirdness & Mutations

You have a pair of horns on your head.
You reflexively headbutt those who attack you in melee.


Message History

You kill the adder!
The quokka bites you but does no damage.
Terence barely misses you. The quokka completely misses you.
You furiously retaliate!
You headbutt the quokka.
You kill the quokka!
Terence hits you with a +0 hand axe.
* * * LOW HITPOINT WARNING * * *
You have reached level 2!
Found a broken altar of Ashenzari.
Terence attacks as you move away! Terence barely misses you.
You furiously retaliate!
You headbutt Terence. Terence attacks as you move away!
Terence hits you with a +0 hand axe.
* * * LOW HITPOINT WARNING * * *
Terence attacks as you move away! Terence hits you but does no damage.
Found a scroll labelled GAXKIXZ NAFRETE.
Okay, then.
Really read the scroll of immolation?
As you read the scroll of immolation, it crumbles to dust.
The creatures around you are filled with an inner flame!
Terence hits you but does no damage.
Fire: a) +0 shortbow
Press: ? - help, Q - select action Shift-Dir - straight line, f - Terence
Aim: Terence, wielding a +0 hand axe and wearing a +0 chain mail (moderately wounded, inner flame, 68% to hit)
You shoot an arrow.
The arrow hits Terence but does no damage.
Terence is moderately wounded.
Terence barely misses you.
Fire: a) +0 shortbow
Press: ? - help, Q - select action Shift-Dir - straight line, f/p - Terence
Aim: Terence, wielding a +0 hand axe and wearing a +0 chain mail (moderately wounded, inner flame, 68% to hit)
You shoot an arrow. The arrow closely misses Terence.
Terence barely misses you. Terence hits you with a +0 hand axe.
* * * LOW HITPOINT WARNING * * *
Fire: a) +0 shortbow
Press: ? - help, Q - select action Shift-Dir - straight line, f/p - Terence
Aim: Terence, wielding a +0 hand axe and wearing a +0 chain mail (moderately wounded, inner flame, 68% to hit)
You shoot an arrow. The arrow barely misses Terence.
Terence hits you with a +0 hand axe.
You die...

######### #.......#
#.#####.# #.#.....#
#.#.##### #.#.#
#######.#.# #
#.......#.#.##..?
####.#.#######@.....#
.......†>#####@....#.#
......###..........#
####.. #.###..._....#
... #.# #........#
###. #$# ##.....#.# #
#.# #######.# ..# #
###


You could see Terence (inner flame).

Vanquished Creatures
  An adder (D:2)
  A bat (D:1)
  A quokka (D:2)
  A rat (D:2)
4 creatures vanquished.

Notes
Turn   | Place    | Note
-------+----------+-------------------------------------------
     0 | D:1      | componib the Minotaur Hunter began the quest for the Orb.
     0 | D:1      | Reached XP level 1. HP: 18/18 MP: 0/0
    72 | D:1      | You fall into a shaft and drop 1 floor!
    97 | D:2      | Noticed Terence
   109 | D:2      | Reached XP level 2. HP: 5/25 MP: 1/1
   109 | D:2      | Found a broken altar of Ashenzari.
   119 | D:2      | Slain by Terence

Illustrated notes

Levels and vault maps discovered:
D:1:      lemuel_arrival_cross, layout_basic, serial_forest,
          infiniplex_forest_lined_3_way, infiniplex_forest_straight_2,
          infiniplex_forest_straight_2, infiniplex_forest_pool,
          infiniplex_forest_fountain, infiniplex_forest_lined_3_way,
          infiniplex_forest_clump_curved, infiniplex_forest_straight_4,
          infiniplex_forest_end_3, palyth_stone_intersect, chequers_mini_garden,
          minmay_misc_feat_square
D:2:      layout_basic, basic_altar, uniq_terence
D:3:      layout_loops_corners, ashenzari_altar_1, nicolae_elyvilon_temple_path,
          gammafunk_ghost_grave, serial_aquarium, aquarium_bridge_long_separate
          [aquarium_subvault_bridge, aquarium_subvault_wall,
          aquarium_subvault_window, aquarium_subvault_window,
          aquarium_subvault_wall, aquarium_subvault_bridge],
          aquarium_window_double, aquarium_window_fake,
          aquarium_window_corridor_2, aquarium_view_2a, aquarium_view_2c,
          aquarium_pool_2, hangedman_decor_push, uniq_ijyb

Action                   || total
-------------------------++-------
 Fire: Shortbow          ||     9
  Use: Scroll            ||     1
Armor: Chain mail        ||     9
Dodge: Dodged            ||     8

Table legend: (Time is in decaauts)
 A = Elapsed time spent in this place.
 B = Non-inter-level travel time spent in this place.
 C = Inter-level travel time spent in this place.
 D = Time resting spent in this place.
 E = Time spent auto-exploring this place.
 F = Levels seen in this place.
 G = Mean time per level.
                   A        B        C        D        E       F      G
               +--------+--------+--------+--------+--------+-----+--------+
         Total |    126 |    126 |      0 |      0 |     71 |   3 |   42.0 |
       Dungeon |    126 |    126 |      0 |      0 |     71 |   3 |   42.0 |
               +--------+--------+--------+--------+--------+-----+--------+

Top non-repeatable levels by time:
     D:1: 73 daAuts
     D:2: 48 daAuts
     D:3: 4 daAuts
